 Dungeon Sprint DCSS version 0.31-a0-4-gefa6de2278 (webtiles) character file.

Game seed: 598295393405720925

515 Darkkill the Fighter (level 6, 0/66 HPs)
             Began as a Draconian Monk on May 3, 2023.
             Was a Believer of Ru.
             Constricted to death by Pikel (1 damage)
             ... in the Dungeon (Sprint VII: "The Pits").
             The game lasted 00:03:52 (475 turns).

Darkkill the Fighter (Draconian Monk)                Turns: 475, Time: 00:03:53

Health: 0/66       AC:  6    Str: 16    XL:     6   Next: 0%
Magic:  6/6        EV: 12    Int: 10    God:    Ru [**....]
Gold:   0          SH:  0    Dex: 13    Spells: 5/5 levels left

rFire   . . .        m - +2 trident (heavy)
rCold   . . .        c - orb {light}
rNeg    . . .        (body armour unavailable)
rPois   .            (helmet restricted)
rElec   .            (no cloak)
rCorr   .            (no gloves)
SInv    .            (no boots)
Will    .....        (no amulet) Stlth
                     (no ring)
HPRegen 0.31/turn    (no ring)
MPRegen 0.10/turn

%: no teleportation
@: grasped by roots, slowed, glowing, constricted, very slow
A: AC +6, unfitting armour, cold-blooded, no stealth, inexperienced 1
a: Renounce Religion


You were in the Dungeon.
You worshipped Ru.
Ru was pleased with you.
You visited 1 branch

Inventory:

Hand Weapons
 m - a +2 heavy trident (weapon)
Missiles
 k - 8 stones (quivered)
Armour
 c - an orb of light (worn)
Scrolls
 i - a scroll of blinking
 l - 5 scrolls of amnesia
Potions
 a - 2 potions of invisibility
 b - a potion of ambrosia
 d - 6 potions of curing {@q1}
 e - 4 potions of heal wounds
 f - a potion of haste
 g - 4 potions of magic
 h - 2 potions of berserk rage


   Skills:
 + Level 10.0 Fighting
 + Level 9.2 Long Blades
 + Level 8.4 Dodging


You had 5 spell levels left.
You didn't know any spells.
Your spell library was empty.

Dungeon Overview and Level Annotations

Branches:
Dungeon (1/1)

Altars:
Ashenzari
Cheibriados
Dithmenos
Elyvilon
Fedhas
Gozag
Hepliaklqana
Kikubaaqudgha
Makhleb
Nemelex Xobeh
Okawaru
Qazlal
Ru
Sif Muna
Trog
Uskayaw
Vehumet
Wu Jian
Xom
Yredelemnul
Zin
The Shining One
Jiyva
Lugonu

Annotations:
D Pikel


Innate Abilities, Weirdness & Mutations

Your plain brown scales are hard. (AC +6)
You cannot fit into any form of body armour.
You are cold-blooded and may be slowed by cold attacks.
You cannot be stealthy.
You are somewhat inexperienced. (-1 XL)


Message History

You feel your anger nearly subside.
You are no longer berserk.
You are exhausted.
You feel yourself slow down.
You start resting.
Ru believes you are ready to make a new sacrifice.
You start resting.
You feel yourself speed up.
Ru asks you to sacrifice your ability to go unnoticed.
This is a modest sacrifice.
Piety after sacrifice: **....
Do you really want to make this sacrifice?
You can no longer be stealthy.
Your aura of power can now strike those that harm you.
You start resting.
You recover from your berserk rage.
You start resting.
HP restored.
Okay, then.
You open the door.
An endoplasm comes into view.
The endoplasm quivers.
You puncture the endoplasm!
You kill the endoplasm!
There is an open door here.
You open the door.
A blink frog comes into view.
The blink frog gives a loud, deep croak!
The blink frog closely misses you. The blink frog hits you.
The blink frog blinks!
There is an open door here.
You hit the blink frog.
You tail-slap the blink frog, but do no damage.
The blink frog is lightly wounded.
The blink frog misses you. The blink frog hits you.
The blink frog blinks!
There is an open door here.
The blink frog begins to attack, but is stunned by your conviction!
The blink frog hits you!
You closely miss the blink frog.
The blink frog is lightly wounded.
The blink frog hits you!
The blink frog blinks!
Throw: 10 stones
Press: ? - help, Q - select action Shift-Dir - straight line, f - blink frog
Aim: a blink frog (lightly wounded, 41% to hit)
You throw a stone. The stone hits the blink frog.
The blink frog is moderately wounded.
The blink frog blinks!
Throw: 9 stones
Press: ? - help, Q - select action Shift-Dir - straight line, f/p - blink frog
Aim: a blink frog (moderately wounded, haloed, 58% to hit)
You throw a stone. The stone hits the blink frog.
The blink frog is moderately wounded.
You puncture the blink frog! You tail-slap the blink frog.
The blink frog is severely wounded.
The blink frog hits you but does no damage.
The blink frog closely misses you.
You impale the blink frog!!
You kill the blink frog!
Your Fighting skill increases to level 10!
Your Long Blades skill increases to level 9!
Your Dodging skill increases to level 8!
You have reached level 6!
Your scales feel tougher.
You start resting.
HP restored.
There is an open door here.
You open the door.
A frilled lizard, a worm, Pikel and a lemure come into view.
Pikel is wielding a +0 whip of freezing, wearing a +2 robe of the Archmagi and carrying a wand of roots (9).
The frilled lizard hisses angrily.
Pikel shouts!
The lemure shouts!
There is an open door here.
You barely miss Pikel.
Pikel hits you with a +0 whip of freezing.
You feel yourself slow down. Pikel freezes you.
Pikel hits you with a +0 whip of freezing!
You feel as though you will be slow longer.
Pikel freezes you.
You puncture Pikel!
Pikel is moderately wounded.
Pikel zaps a wand.
The roots erupt in riotous growth!
The grasping roots grab you!
Pikel is unaffected.
The grasping roots constrict you.
Pikel hits you with a +0 whip of freezing!
Pikel freezes you. The grasping roots constrict you!
Pikel says, "I just want to get paid!"
Pikel hits you with a +0 whip of freezing.
You feel as though you will be slow longer.
Pikel freezes you. The grasping roots constrict you!
* * * LOW HITPOINT WARNING * * *
You hear a shout!
You hit Pikel.
Pikel is moderately wounded.
You hear a shout! x4
Pikel hits you with a +0 whip of freezing.
* * * LOW HITPOINT WARNING * * *
Pikel freezes you.
* * * LOW HITPOINT WARNING * * *
The grasping roots constrict you.
* * * LOW HITPOINT WARNING * * *
Pikel completely misses you. The grasping roots constrict you.
You die...

#.#.))..#..##.......#
#)#..)..#'###...<...#
#)#........##.......#
#)#........##.......#
#'###########.......#
#..#.#.##lw #########
#.......#5#
##.#.#.##K#
#.......#@#
##.#.#.##.+
#.......#'#
##.#.#..'.#
##########


You could see Pikel, a lemure, a worm and a frilled lizard.

Vanquished Creatures
  A blink frog (D)
  A sky beast (D)
  3 orc wizards (D)
  A mummy (D)
  A gnoll (D)
  A river rat (D)
  2 white imps (D)
  3 orcs (D)
  A ball python (D)
  An endoplasm (D)
  A kobold (D)
  A rat (D)
17 creatures vanquished.

Vanquished Creatures (collateral kills)
  A gnoll sergeant (D)
  3 gnolls (D)
  An adder (D)
  A quokka (D)
  A bat (D)
7 creatures vanquished.

Grand Total: 24 creatures vanquished

Notes
Turn   | Place    | Note
-------+----------+-------------------------------------------
     0 | D        | Darkkill the Draconian Monk began the quest for the Orb.
     0 | D        | Reached XP level 1. HP: 19/19 MP: 1/1
    18 | D        | Reached skill level 4 in Fighting
    18 | D        | Reached XP level 2. HP: 11/27 MP: 2/2
    22 | D        | Found a bloodstained altar of Trog.
    22 | D        | Found a shimmering blue altar of Sif Muna.
    22 | D        | Found a viscous altar of Jiyva.
    22 | D        | Found a hazy altar of Hepliaklqana.
    22 | D        | Found an opulent altar of Gozag.
    23 | D        | Found a glowing golden altar of the Shining One.
    23 | D        | Found a glowing silver altar of Zin.
    23 | D        | Found a basalt altar of Yredelemnul.
    23 | D        | Found a shimmering altar of Xom.
    23 | D        | Found an ornate altar of the Wu Jian Council.
    23 | D        | Found a sacrificial altar of Ru.
    23 | D        | Found a stormy altar of Qazlal.
    23 | D        | Found an iron altar of Okawaru.
    23 | D        | Found a sparkling altar of Nemelex Xobeh.
    23 | D        | Found a burning altar of Makhleb.
    23 | D        | Found a blossoming altar of Fedhas.
    23 | D        | Found a white marble altar of Elyvilon.
    23 | D        | Found a shadowy altar of Dithmenos.
    23 | D        | Found a snail-covered altar of Cheibriados.
    25 | D        | Found a radiant altar of Vehumet.
    25 | D        | Found a corrupted altar of Lugonu.
    26 | D        | Found a hide-covered altar of Uskayaw.
    26 | D        | Found an ancient bone altar of Kikubaaqudgha.
    26 | D        | Found a broken altar of Ashenzari.
    31 | D        | Became a worshipper of Ru the Awakened
   105 | D        | Gained mutation: You are somewhat inexperienced. (-1 XL)
                  | [Ru sacrifice]
   105 | D        | Reached XP level 1. HP: 20/20 MP: 1/1
   105 | D        | Reached * piety under Ru
   171 | D        | Noticed a gnoll sergeant
   177 | D        | Reached skill level 5 in Fighting
   177 | D        | Reached XP level 2. HP: 22/29 MP: 2/2
   180 | D        | Reached skill level 5 in Long Blades
   186 | D        | Killed a gnoll sergeant
   187 | D        | Reached skill level 6 in Fighting
   187 | D        | Reached skill level 5 in Dodging
   187 | D        | Reached XP level 3. HP: 13/38 MP: 3/3
   302 | D        | Noticed a sky beast
   309 | D        | Reached skill level 7 in Fighting
   309 | D        | Reached XP level 4. HP: 39/47 MP: 4/4
   321 | D        | Reached skill level 8 in Fighting
   330 | D        | Killed a sky beast
   331 | D        | Reached XP level 5. HP: 56/56 MP: 5/5
   332 | D        | Reached skill level 9 in Fighting
   359 | D        | Gained mutation: You cannot be stealthy. [Ru sacrifice]
   359 | D        | Reached ** piety under Ru
   388 | D        | Noticed a blink frog
   398 | D        | Killed a blink frog
   399 | D        | Reached skill level 10 in Fighting
   399 | D        | Reached XP level 6. HP: 44/66 MP: 6/6
   471 | D        | Noticed Pikel
   474 | D        | HP: 13/66 [constriction (7)]
   475 | D        | HP: 5/66 [Pikel/+0 whip of freezing (3)]
   475 | D        | HP: 1/66 [constriction (4)]
   475 | D        | Constricted to death by Pikel

Illustrated notes

Levels and vault maps discovered:
D:        pitsprint [storerooms_1, entrance_room_1, metal_vault_5, armoury_2,
          mini_pit_1, grid_room_1, main_hall_1, silver_pit, the_coven_1,
          the_vestibule_1, steel_vault_5, golden_pit, hallway_of_sentries,
          crystal_vault_3, iron_vault_4, final_vault]

Skill      XL: |  1  2  3  4  5 |
---------------+----------------+-----
Fighting       | 5 6 7 8 10 | 10.0
Dodging        | 4 5 6 7 8 |  8.4
Long Blades    | 4 6 8 9 |  9.2

Action                     |  1- 3 |  4- 6 || total
---------------------------+-------+-------++-------
  Melee: Trident           |    16 |    27 ||    43
         Falchion          |     5 |       ||     5
         Tailslap          |     5 |     4 ||     9
  Throw: Stone             |       |     2 ||     2
 Invoke: Sacrifice Experie |     1 |       ||     1
         Sacrifice Stealth |       |     1 ||     1
    Use: Scroll            |     1 |       ||     1
         Potion            |     1 |     2 ||     3
 Armour: Skin              |     7 |     5 ||    12
  Dodge: Dodged            |    12 |    14 ||    26

Table legend: (Time is in decaauts)
 A = Elapsed time spent in this place.
 B = Non-inter-level travel time spent in this place.
 C = Inter-level travel time spent in this place.
 D = Time resting spent in this place.
 E = Time spent auto-exploring this place.
 F = Levels seen in this place.
 G = Mean time per level.
                   A        B        C        D        E       F      G
               +--------+--------+--------+--------+--------+-----+--------+
         Total |    516 |    496 |     20 |    241 |      0 |   1 |  516.0 |
       Dungeon |    516 |    496 |     20 |    241 |      0 |   1 |  516.0 |
               +--------+--------+--------+--------+--------+-----+--------+

Top non-repeatable levels by time:
       D: 516 daAuts

Levels and vault maps discovered:
D:        pitsprint [storerooms_1, entrance_room_1, metal_vault_5, armoury_2,
          mini_pit_1, grid_room_1, main_hall_1, silver_pit, the_coven_1,
          the_vestibule_1, steel_vault_5, golden_pit, hallway_of_sentries,
          crystal_vault_3, iron_vault_4, final_vault]

Table legend: (Time is in decaauts)
 A = Elapsed time spent in this place.
 B = Non-inter-level travel time spent in this place.
 C = Inter-level travel time spent in this place.
 D = Time resting spent in this place.
 E = Time spent auto-exploring this place.
 F = Levels seen in this place.
 G = Mean time per level.
                   A        B        C        D        E       F      G
               +--------+--------+--------+--------+--------+-----+--------+
         Total |    516 |    496 |     20 |    241 |      0 |   1 |  516.0 |
       Dungeon |    516 |    496 |     20 |    241 |      0 |   1 |  516.0 |
               +--------+--------+--------+--------+--------+-----+--------+

Top non-repeatable levels by time:
       D: 516 daAuts

Table legend:
 A = Kills in this place as a percentage of kills in the entire game.
 B = Kills by you in this place as a percentage of kills by you in the entire game.
 C = Kills by friends in this place as a percentage of kills by friends in the entire game.
 D = Other kills in this place as a percentage of other kills in the entire game.
 E = Experience gained in this place as a percentage of experience gained in the entire game.
 F = Experience gained in this place divided by the number of levels of this place that you have seen.
                   A       B       C       D       E      F
               +-------+-------+-------+-------+-------+----------------------
         Total | 100.0 | 100.0 | 100.0 |   N/A | 100.0 | 736.0
       Dungeon | 100.0 | 100.0 | 100.0 |   N/A | 100.0 | 736.0
               +-------+-------+-------+-------+-------+----------------------
